woodfighter, lawful female human Samurai ------ ------ |....---....| |.`.`.|.`...| ---.....`.|^| |...--`.|^| |---|(`.|^| --...|.`.|^| |..``....|^| |.`a.|...|^-- |.@`------..| |..u|<^^^^..| ------------- woodfighter the Kunoichi Experience level: 6 Strength: 15 Dexterity: 18 Constitution: 18 Intelligence: 8 Wisdom: 9 Charisma: 7 Health: 0(54) Energy: 19(19) Def: 5 Gold: 798 Moves: 1653 Dungeon seed: -6euJ4BJG667Guxb Game ID: woodfighter_1535005135 Your Inventory: Coins $ - 798 gold pieces Amulets X - an uncursed amulet of ESP Weapons a - a +0 katana (weapon in hand) b - a +2 wakizashi c - a +1 yumi (alternate weapon; not wielded) d - 43 blessed +0 ya (in quiver) Armor e - an uncursed +0 dwarvish cloak n - an uncursed +0 orcish helm (being worn) q - an uncursed +0 pair of speed boots (being worn) y - an uncursed +0 studded leather armor (being worn) z - an uncursed +0 dwarvish cloak Comestibles k - 6 uncursed gunyoki r - 2 uncursed magic beans s - an uncursed egg Z - an uncursed lizard corpse Scrolls l - an uncursed scroll of stinking cloud p - 3 uncursed scrolls of scare monster P - an uncursed scroll of enchant weapon V - a blessed scroll of identify Spellbooks h - an uncursed spellbook of detect monsters Potions i - a cursed potion of levitation v - a cursed potion of invisibility x - a cursed potion of confusion C - an uncursed potion of confusion E - an uncursed potion of healing H - an uncursed potion of paralysis I - an uncursed potion of oil J - 2 uncursed potions of hallucination M - an uncursed potion of levitation O - an uncursed potion of extra healing Q - 2 blessed potions of hallucination Rings D - an uncursed ring of polymorph control U - an uncursed ring of warning Wands f - a wand of probing (0:3) j - a wand of light (0:13) A - a wand of enlightenment (0:15) T - a wand of striking (0:6) Tools w - an uncursed magic whistle W - an uncursed blindfold Spells and supernatural/magical abilities: Name Level Category Fail Memory W - pray for help -- divine ? -- Your skills at the end: Miscellaneous Skills martial arts [Basic] wands [Basic] Weapon Skills short sword [Basic] long sword [Skilled] bow [Basic] Spellcasting Skills Final Attributes: You were fervently aligned. You were telepathic. You were very fast. You are dead. Vanquished creatures: a lizard a brown pudding a piranha an imp a rock piercer a gnome lord 2 giant ants a puppy 4 floating eyes a dwarf a homunculus 2 iguanas 8 hill orcs a rabid rat a centipede 3 jitterbugs 2 giant bats a werejackal a hobbit a large kobold 4 geckos a hobgoblin 2 giant rats 2 brown molds 2 yellow molds 4 manes 4 jackals 3 kobolds 3 newts 4 sewer rats 3 grid bugs 2 bats 5 lichens 74 creatures vanquished. Voluntary challenges: You did not cause conflict. You were not invisible. You did not have reflection. You were not displaced. You were an atheist. You used a wielded weapon 120 times, starting on turn 31. You did not apply a unicorn horn. You did not use plumbed fixtures. You did not drink any magical draughts. You were illiterate. You never genocided any monsters. You never polymorphed an object. You never changed form. You used no wishes. You never split a pudding. You never wrote Elbereth's name. You never violated bushido. Dungeon overview: The Dungeons of Doom: levels 1 to 8 Level 1 a long staircase Level 2 stairs to The Gnomish Mines Level 3 Level 4 a fountain, a sink Level 5 (vault) Level 6 (water) a fountain Level 7 many fountains Level 8 a fountain stairs to Sokoban The Gnomish Mines: Level 3 stairs to The Dungeons of Doom Sokoban: Level 7 <- You were here a magic chest stairs to The Dungeons of Doom History has recorded: On T:1 you entered the Dungeons of Doom to retrieve the Amulet of Yendor! On T:109 you reached level 2 of The Dungeons of Doom. On T:222 you advanced to experience level 2. On T:364 you reached level 3 of The Dungeons of Doom. On T:377 you advanced to experience level 3. On T:379 you reached level 1 of The Gnomish Mines. On T:493 you reached level 4 of The Dungeons of Doom. On T:626 you advanced to experience level 4. On T:671 you reached level 5 of The Dungeons of Doom. On T:911 you advanced to experience level 5. On T:959 you reached level 6 of The Dungeons of Doom. On T:1095 you advanced to experience level 6. On T:1101 you reached level 7 of The Dungeons of Doom. On T:1319 you reached level 8 of The Dungeons of Doom. On T:1652 you reached level 4 of Sokoban. Score breakdown: Gold: 798 ( 79 points) Experience: 6 levels ( 500 points) Exploration: 8 levels ( 210 points) Discoveries: 20 items ( 1000 points) Variety of kills: 33 monsters ( 1650 points) Major goal: (nothing yet) ( 0 points) Survival: died (score multiplied by 3) Total score: 10317 Latest messages: There are several objects here. C - a black potion. x - a black potion. i - a magenta potion. M - a magenta potion. H - an orange potion. J - 2 potions called hallu. You have a little trouble lifting Q - 2 potions called hallu. You have a little trouble lifting I - a potion of oil. You have a little trouble lifting E - a purple-red potion. You have a little trouble lifting O - a white potion. Your movements are slowed slightly because of your load. You fall down the stairs. Where do you want to travel to? You displace your pony. You produce a strange whistling sound. Column B You have a little trouble lifting D - a clay ring. The soldier ant bites! The soldier ant stings! The soldier ant bites! The soldier ant stings! You die... Final status: Sayonara woodfighter the Samurai, killed by a soldier ant... You died in Sokoban on dungeon level 7 with 10317 points, and 798 pieces of gold, after 1653 moves. You were level 6 with a maximum of 54 hit points when you died.